Bacon, neutral female gnomish Wizard --- --.-- |...| --...| |....-- ---.--..-- ------ --- --- |...|--..| -- |.|..--- ..|---.-----.-----%.| .---- -- |......|.--.--....||...| |...| --....---.-- ---<^....||.......--.--- --..-- ---......%...| |.)..-.--..........| --.%.------...........- |................>.| |......--...(.........-- --....%--...........| |...--.................| |.......|.^..--..|.-- |..-----.......-- ....--- |............-|.---- --- --......-- ...... ---.----......|.| |.).....-- -%... --- |-..--.|.| --........----..----- -- |...| ..| -d........f.@r.%.).r.........- |..-- .| |......--...----##- -- ----- ---- --- --............ .... ------####--- ----- Bacon the Conjurer Experience level: 4 Strength: 13 Dexterity: 13 Constitution: 12 Intelligence: 19 Wisdom: 11 Charisma: 8 Health: 0(32) Energy: 29(38) Def: 1 Gold: 272 Moves: 1703 Dungeon seed: UL465yR-h8CtzKqA Game ID: Bacon_1512341761 Your Inventory: Coins $ - 272 gold pieces Amulets i - a blessed amulet of ESP j - an uncursed amulet of reflection (being worn) Weapons a - a blessed +1 quarterstaff (weapon in hands) w - 8 uncursed +0 silver arrows Armor e - an uncursed +0 cloak of magic resistance (being worn) Comestibles v - an uncursed food ration Spellbooks f - a blessed spellbook of create familiar g - a blessed spellbook of wizard lock l - an uncursed spellbook of force bolt Potions m - a cursed potion of hallucination p - an uncursed potion of extra healing Rings o - an uncursed ring of sustain ability x - a cursed ring of teleportation Wands b - an uncursed wand of striking (0:4) Tools h - an uncursed blindfold u - an uncursed blindfold A - an uncursed figurine of a goblin Gems n - an uncursed luckstone q - an uncursed worthless piece of blue glass r - an uncursed worthless piece of green glass y - an uncursed worthless piece of orange glass z - 3 uncursed worthless pieces of yellowish brown glass Spells and supernatural/magical abilities: Spells marked with '*' are forgotten. Spells marked with '!' are maintained. Spells marked with '#' are aliased with 'castalias'. Name Level Category Fail Memory a - force bolt 1 attack 0% 98% m - magic missile 2 attack 0% 98% W - pray for help -- divine ? -- Your skills at the end: Fighting Skills wands [Basic] Weapon Skills quarterstaff [Basic] Spellcasting Skills attack spells [Basic] enchantment spells [Basic] Final Attributes: You were magic resistant. You had infravision. You had reflection. You were lucky. You had extra luck. Bad luck did not time out for you. Good luck did not time out for you. You last prayed 837 turns ago. You are dead. Vanquished creatures: a rock piercer a kitten 3 giant bats 2 wererats an iguana an acid blob a hobbit a hobgoblin a giant rat a cave spider a brown mold a yellow mold 2 red molds 2 gnomes a gnome zombie 2 geckos 3 jackals 2 foxes a kobold 2 goblins 4 sewer rats 9 grid bugs a kobold zombie 3 newts 47 creatures vanquished. Voluntary challenges: You used a wielded weapon 26 times, starting on turn 569. You read items or engraved 7 times, starting on turn 1. You never genocided any monsters. You never polymorphed an object. You never changed form. You used no wishes. You never split a pudding. You never wrote Elbereth's name. You violated your moral code, losing 10 points of alignment, starting on turn 1543. Dungeon overview: The Dungeons of Doom: levels 1 to 4 Level 1 a fountain, a sink a long staircase Level 2 a general store, a fountain Level 3 a fountain, a vault Level 4 a fountain stairs to The Gnomish Mines The Gnomish Mines: levels 5 to 7 Level 5 <- You were here stairs to The Dungeons of Doom Level 6 Level 7 History has recorded: On T:1 you entered the Dungeons of Doom to retrieve the Amulet of Yendor! On T:296 you reached level 2 of The Dungeons of Doom. On T:799 you advanced to experience level 2. On T:813 you reached level 3 of The Dungeons of Doom. On T:1130 you reached level 4 of The Dungeons of Doom. On T:1394 you reached level 1 of The Gnomish Mines. On T:1399 you advanced to experience level 3. On T:1430 you reached level 2 of The Gnomish Mines. On T:1549 you advanced to experience level 4. On T:1598 you reached level 3 of The Gnomish Mines. Score breakdown: Gold: 272 ( 8286 points) Experience: 4 levels ( 9649 points) Exploration: 7 levels ( 14.89%) (10834 points) Discoveries: 5 items ( 1.68%) ( 3892 points) Valuables value: (no points given unless you survive) Artifact value: 0 ( 0 points) Variety of kills: 24 monsters ( 6.32%) ( 7539 points) Turncount: 1703 turns ( 0 points) Survival: died (score multiplied by 80%) Total score: 32160 Latest messages: Leonard misses the rabid rat. The sewer rat misses Leonard. Leonard bites the sewer rat. You hit the rabid rat! The rabid rat bites! The sewer rat misses Leonard. Leonard bites the sewer rat. The sewer rat is killed! You hit the giant bat. The rabid rat bites! The giant bat bites! (2x) You hear crashing rock. The rabid rat is almost hit by a dart! The little dog is almost hit by an arrow! Leonard picks up a partly eaten gecko corpse. The force bolt hits the giant bat! The giant bat is killed! The force bolt misses the rabid rat. The rabid rat bites! You die... Final status: Goodbye Bacon the Wizard, killed by a rabid rat... You died in The Gnomish Mines on dungeon level 5 with 32160 points, and 272 pieces of gold, after 1703 moves. You were level 4 with a maximum of 32 hit points when you died.